 Dungeon Crawl Stone Soup version 0.28.0-43-g3370ac3207 (webtiles) character file.

Game seed: 5050976289881019408

296 Ablot the Grasshopper (level 6, 0/51 HPs)
             Began as a Gnoll Warper on Mar 13, 2022.
             Slain by a phantom (5 damage)
             ... on level 3 of the Dungeon.
             The game lasted 00:03:18 (3885 turns).

Ablot the Grasshopper (Gnoll Warper)                Turns: 3885, Time: 00:03:19

Health: 0/51       AC:  4    Str: 12    XL:     6   Next: 34%
Magic:  14/14      EV: 13    Int: 13    God:
Gold:   132        SH:  0    Dex: 11    Spells: 13/15 levels left

rFire   . . .      SeeInvis .   h - +1 long sword (venom)
rCold   . . .      Faith    .   (no shield)
rNeg    . . .      Spirit   .   b - +0 leather armour
rPois   .          Reflect  .   i - +0 helmet
rElec   .          Harm     .   (no cloak)
rCorr   .          Rampage  .   (no gloves)
Will    .....                   (no boots)
Stlth   ++........              (no amulet)
HPRegen 0.17/turn               (no ring)
MPRegen 0.14/turn               (no ring)

@: no status effects
A: fangs 1, strong nose, distributed training
a: no special abilities


You were on level 3 of the Dungeon.
You visited 1 branch of the dungeon, and saw 4 of its levels.

You collected 132 gold pieces.

Inventory:

Hand Weapons
 a - a +0 spear
 h - a +1 long sword of venom (weapon)
Missiles
 d - 5 boomerangs of dispersal (quivered)
 f - 108 stones
Armour
 b - a +0 leather armour (worn)
 i - a +0 helmet (worn)
Scrolls
 c - a scroll of blinking
 g - a scroll of enchant weapon {unknown}
 j - 4 scrolls of identify {unknown}
Potions
 e - a potion of mutation {unknown}
 k - a potion of heal wounds {unknown}
 l - a potion of berserk rage {unknown}
 m - a potion of might {unknown}


   Skills:
 + Level 5.0 Fighting
 + Level 1.9 Short Blades
 + Level 1.9 Long Blades
 + Level 1.9 Axes
 + Level 1.9 Maces & Flails
 + Level 5.0 Polearms
 + Level 1.9 Staves
 + Level 1.9 Slings
 + Level 1.9 Bows
 + Level 1.9 Crossbows
 + Level 3.2 Throwing
 + Level 3.2 Armour
 + Level 5.0 Dodging
 + Level 1.9 Stealth
 + Level 1.9 Shields
 + Level 1.9 Unarmed Combat
 + Level 5.3 Spellcasting
 + Level 1.5 Conjurations
 + Level 1.5 Hexes
 + Level 1.5 Summonings
 + Level 1.5 Necromancy
 + Level 5.6 Translocations
 + Level 1.5 Transmutations
 + Level 1.5 Fire Magic
 + Level 1.5 Ice Magic
 + Level 1.5 Air Magic
 + Level 1.5 Earth Magic
 + Level 1.5 Poison Magic
 + Level 2.1 Invocations
 + Level 1.9 Evocations


You had 13 spell levels left.
You knew the following spells:

 Your Spells              Type           Power      Damage    Failure   Level
a - Blink                 Tloc           36%        N/A       3%          2

Your spell library contained the following spells:

 Spells                   Type           Power      Damage    Failure   Level
 Gell's Gravitas          Tloc           18%        N/A       7%          3
 Lesser Beckoning         Tloc           18%        N/A       7%          3
 Teleport Other           Tloc           18%        N/A       7%          3
 Conjure Flame            Conj/Fire      7%         6-21      36%         3
 Ignite Poison            Fire/Tmut/Pois 7%         N/A       36%         3
 Ozocubu's Armour         Ice            7%         N/A       36%         3
 Manifold Assault         Tloc           18%        N/A       52%         5
 Sticky Flame             Conj/Fire      7%         2d3       77%         4
 Ozocubu's Refrigeration  Ice            3%         4d5       100%        7


Dungeon Overview and Level Annotations

Branches:
Dungeon (4/15)
 Temple: D:4-7

Altars:

Shops:
D:3 :

Annotations:
D:3 3 runed translucent doors, exclusion: 3 doors, Narvad's ghost, amateur HuEn


Innate Abilities, Weirdness & Mutations

You have very sharp teeth.
Your uncanny sense of smell can sniff out nearby items.
Your experience applies equally to all skills.


Message History

You are too injured to fight recklessly!
You are too injured to fight recklessly!
You hit the iguana but do no damage.
The iguana looks as sick as possible!
The iguana is moderately wounded.
The iguana bites you!
* * * LOW HITPOINT WARNING * * *
The iguana barely misses you.
You hit the iguana but do no damage.
The iguana looks as sick as possible!
The iguana is moderately wounded.
The iguana bites you but does no damage.
The phantom misses you.
You kill the iguana!
Your Fighting skill increases to level 5!
Your Polearms skill increases to level 5!
Your Dodging skill increases to level 5!
There is a stone staircase leading up here.
The phantom barely misses you.
You climb upwards.
Level annotation: 3 runed translucent doors, exclusion: 3 doors, Narvad's ghost, amateur HuEn
There is a stone staircase leading down here.
You miss the phantom. The phantom completely misses you.
You barely miss the phantom. The phantom completely misses you.
The phantom closely misses you.
You slash the phantom!
The phantom is moderately damaged.
The phantom hits you.
* * * LOW HITPOINT WARNING * * *
The phantom blinks!
You blink.
You hit the phantom.
The phantom is heavily damaged.
The phantom hits you.
* * * LOW HITPOINT WARNING * * *
The phantom blinks!
You blink.
You closely miss the phantom. Your bite misses the phantom.
The phantom is heavily damaged.
The phantom hits you but does no damage.
You barely miss the phantom. Your bite misses the phantom.
The phantom is heavily damaged.
The phantom hits you.
You die...

###### #..... #....♣
########### #...♣.
#[..§...@.# #..♣..
#......W..# #######.♣..∩
#.........# #........♣..
#.........# #....##...♣.
#.........####....##....♣
##.....[..[........+.....
#........###.....##.....
#...>......+............
#........###.....#######


You could see a phantom.

Vanquished Creatures
  A scorpion (D:4)
  An orc priest (D:3)
  A gnoll shaman (D:3)
  An iguana (D:4)
  An orc wizard (D:3)
  5 adders
  An ufetubus (D:3)
  2 worms
  5 dart slugs
  An orc (D:3)
  2 ball pythons
  6 giant cockroaches
  10 hobgoblins
  4 jackals (D:1)
  10 kobolds
  2 quokkas
  6 bats
  4 goblins
  3 rats
66 creatures vanquished.

Notes
Turn   | Place    | Note
-------+----------+-------------------------------------------
     0 | D:1      | Ablot the Gnoll Warper began the quest for the Orb.
     0 | D:1      | Reached XP level 1. HP: 20/20 MP: 6/6
    33 | D:1      | Reached XP level 2. HP: 11/26 MP: 7/7
    36 | D:1      | Learned a level 2 spell: Blink
   737 | D:1      | Reached XP level 3. HP: 29/31 MP: 9/9
   843 | D:1      | Found a faded altar of an unknown god.
  1127 | D:2      | Reached skill level 5 in Spellcasting
  1276 | D:2      | Reached skill level 1 in Invocations
  1418 | D:2      | You fall into a shaft and drop 1 floor!
  1424 | D:3      | Reached skill level 1 in Short Blades
  1424 | D:3      | Reached skill level 1 in Long Blades
  1424 | D:3      | Reached skill level 1 in Axes
  1424 | D:3      | Reached skill level 1 in Maces & Flails
  1424 | D:3      | Reached skill level 1 in Staves
  1424 | D:3      | Reached skill level 1 in Slings
  1424 | D:3      | Reached skill level 1 in Bows
  1424 | D:3      | Reached skill level 1 in Crossbows
  1424 | D:3      | Reached skill level 1 in Stealth
  1424 | D:3      | Reached skill level 1 in Shields
  1424 | D:3      | Reached skill level 1 in Unarmed Combat
  1424 | D:3      | Reached skill level 1 in Evocations
  1481 | D:3      | Reached XP level 4. HP: 16/38 MP: 11/11
  2180 | D:3      | Reached skill level 1 in Conjurations
  2180 | D:3      | Reached skill level 1 in Hexes
  2180 | D:3      | Reached skill level 1 in Summonings
  2180 | D:3      | Reached skill level 1 in Necromancy
  2180 | D:3      | Reached skill level 1 in Transmutations
  2180 | D:3      | Reached skill level 1 in Fire Magic
  2180 | D:3      | Reached skill level 1 in Ice Magic
  2180 | D:3      | Reached skill level 1 in Air Magic
  2180 | D:3      | Reached skill level 1 in Earth Magic
  2180 | D:3      | Reached skill level 1 in Poison Magic
  2403 | D:3      | HP: 1/38 [gnoll shaman/+0 whip (5)]
  2405 | D:3      | Reached XP level 5. HP: 1/43 MP: 12/12
  3061 | D:3      | Found Meneo's Book Shop.
  3108 | D:3      | Found a runed translucent gate.
  3114 | D:3      | Found a runed translucent gate.
  3114 | D:3      | Found a runed translucent gate.
  3482 | D:3      | Noticed Narvad's ghost (amateur HuEn)
  3510 | D:4      | Reached XP level 6. HP: 21/50 MP: 14/14
  3871 | D:4      | Reached skill level 5 in Fighting
  3871 | D:4      | Reached skill level 5 in Polearms
  3871 | D:4      | Reached skill level 5 in Dodging
  3885 | D:3      | Slain by a phantom

Illustrated notes

Levels and vault maps discovered:
D:1:      saegor_arrival_simple_b, layout_loops_ring,
          shapermc_ecumenical_altar_starsandcircs, grunt_decor_cap
D:2:      layout_loops_ring
D:3:      layout_basic, gammafunk_ghost_icy, serial_shops, nicolae_diamond_shop,
          minmay_fractal_squares_gapless_5
D:4:      layout_basic, nicolae_overflow_hidden_temple, fedhas_altar_4

Skill      XL: |  1  2  3  4  5  6 |
---------------+-------------------+-----
Spellcasting   | 5 |  5.3
Invocations    | 1 2 |  2.1
Short Blades   | 1 |  1.9
Long Blades    | 1 |  1.9
Axes           | 1 |  1.9
Maces & Flails | 1 |  1.9
Staves         | 1 |  1.9
Slings         | 1 |  1.9
Bows           | 1 |  1.9
Crossbows      | 1 |  1.9
Stealth        | 1 |  1.9
Shields        | 1 |  1.9
Unarmed Combat | 1 |  1.9
Evocations     | 1 |  1.9
Conjurations   | 1 |  1.5
Hexes          | 1 |  1.5
Summonings     | 1 |  1.5
Necromancy     | 1 |  1.5
Transmutations | 1 |  1.5
Fire Magic     | 1 |  1.5
Ice Magic      | 1 |  1.5
Air Magic      | 1 |  1.5
Earth Magic    | 1 |  1.5
Poison Magic   | 1 |  1.5
Throwing       | 3 |  3.2
Armour         | 3 |  3.2
Fighting       | 5 |  5.0
Polearms       | 5 |  5.0
Dodging        | 5 |  5.0
Translocations | |  5.6

Action                   |  1- 3 |  4- 6 || total
-------------------------+-------+-------++-------
Melee: Spear             |    45 |       ||    45
       Long sword        |    63 |    86 ||   149
       Bite              |     6 |     6 ||    12
 Stab: Sleeping          |     1 |     2 ||     3
Armor: Leather armour    |    24 |    26 ||    50
Dodge: Dodged            |    65 |    78 ||   143
